[Event "Late-Titled-Tuesday-Blitz-October-10-2023"]
[Site "Chess.com"]
[Date "2023.10.10"]
[Round "7"]
[White "Elsa167"]
[Black "FairChess_on_YouTube"]
[Result "0-1"]
[WhiteElo "2934"]
[BlackElo "3096"]
[TimeControl "180+1"]
[EndTime "15:12:26 PDT"]
[Termination "FairChess_on_YouTube won by resignation"]

1. d4 d5 2. c4 dxc4 3. e3 Nf6 4. Bxc4 e6 5. Nf3 c5 6. O-O a6 7. b3 b5 8. Be2 Bb7 9. Bb2 Nbd7 10. a4 bxa4 11.
Rxa4 Be7 12. Nbd2 O-O 13. Nc4 Qb8 14. h3 Rd8 15. Qa1 Bd5 16. Qa2 cxd4 17. Bxd4 Nc5 18. Bxc5 Bxc5 19. Rxa6 Rxa6 20. Qxa6 Qxb3 21. Nce5 h6 22. Bc4 Qb7 23. Qxb7 Bxb7 24. Rc1 Bd6 25. Rd1 Kf8 26. Be2 Ke7 27. Nc4 Bc7 28. Rxd8 Kxd8 29. Nfe5 Ke7 30. Bf3 Ba6 31. g3 g5 32. Nc6+ Kf8 33. Nd2 Kg7 34. Nd4 Be5 35. Be2 Bb7 36. Bf3 Ba6 37. Be2 Bc8 38. N4f3 Bc7 39. Nd4 Nd5 40. Kg2 Nc3 41. Bf3 f5 42. Ne2 Na4 43.
g4 Nc5 44. Nd4 Kf6 45. N2b3 Nd3 46. Nb5 Ne1+ 47. Kf1 Nxf3 48. Nxc7 fxg4 49. hxg4 e5 50. Nd5+ Kf7 51. Nc5 Bxg4 52. e4 h5 53. Ne3 Bh3+ 54. Ke2 Nd4+ 55. Kd3 h4 56. Nc4 Bf1+ 57. Kc3 Bxc4 58.
Kxc4 h3 59. Nd7 h2 60. Nxe5+ Kg7 61. Ng4 h1=Q 62. Kxd4 Qd1+ 0-1

[Event "Late-Titled-Tuesday-Blitz-October-10-2023"]
[Site "Chess.com"]
[Date "2023.10.10"]
[Round "7"]
[White "KorolDimitriy75"]
[Black "nitpicker"]
[Result "1-0"]
[WhiteElo "2408"]
[BlackElo "2262"]
[TimeControl "180+1"]
[EndTime "15:12:28 PDT"]
[Termination "KorolDimitriy75 won on time"]

1. d4 Nf6 2. c4 e6 3. Nc3 Bb4 4. Qc2 d5 5. cxd5 exd5 6. Bg5 Nbd7 7. e3 O-O 8. Bd3 h6 9. Bh4 b6 10. Ne2 Bb7 11. O-O Be7 12. f3 c5 13. Rad1 Rc8 14.
Bf5 Re8 15. Bh3 a6 16. Bf2 b5 17. Qb1 b4 18. Na4 c4 19. Ng3 Bc6 20. Nc5 Nxc5 21.
dxc5 Rb8 22. e4 Qa5 23. e5 Nh7 24. Nf5 Bxc5 25. f4 Nf8 26. Nd4 Ba4 27. Rde1 c3 28.
b3 Bd7 29. f5 Qd8 30. Bg3 Bb5 31. Bf2 Bxf1 32. Rxf1 Rxe5 33. Qd3 Re4 34. Nf3 Bxf2+ 35. Rxf2 Qb6 36. g3 Rbe8 37. Bf1 Re3 38. Qd1 d4 39. Nxd4 Rd8 40. Qh5 Qxd4 41. f6 1-0

[Event "Late-Titled-Tuesday-Blitz-October-10-2023"]
[Site "Chess.com"]
[Date "2023.10.10"]
[Round "7"]
[White "Bauman_Guy"]
[Black "Roberz12"]
[Result "1-0"]
[WhiteElo "2861"]
[BlackElo "2482"]
[TimeControl "180+1"]
[EndTime "15:12:34 PDT"]
[Termination "Bauman_Guy won on time"]

1. e4 c5 2. Nf3 Nc6 3. d4 cxd4 4. Nxd4 g6 5. c4 Nf6 6. Nc3 d6 7.
Be2 Bg7 8. Be3 O-O 9. O-O Bd7 10.
f3 Nxd4 11. Bxd4 a5 12. b3 Bc6 13. Qd2 Nd7 14. Bf2 Nc5 15. Rab1 h5 16. Rfe1 Kh7 17.
Bf1 Qc7 18. e5 Rad8 19. Qc2 Ne6 20. exd6 Rxd6 21. c5 Rdd8 22. Bc4 Nd4 23. Qc1 e5 24. Ne4 Bxe4 25. Rxe4 Qxc5 26. Bf1 Qxc1 27. Rxc1 Rc8 28. Ree1 f5 29. h4 Nc6 30. Red1 Rfd8 31. Bc4 Nd4 32. Kf1 Bh6 33. Rb1 Nc2 34. Be6 Ra8 35. Kg1 Be3 36.
Bd5 Bxf2+ 37. Kxf2 Rab8 38. Bc4 b5 39. Bf1 Nd4 40. Rbc1 Rbc8 41. Re1 Rxc1 42. Rxc1 Kg7 43. Rc5 a4 44. b4 Kf6 45. a3 g5 46. hxg5+ Kxg5 47. Rxe5 Nc2 48. Rxb5 Nxa3 49. Ra5 Nc2 50. Rxa4 Rd4 51. Ra5 Nxb4 52. Rc5 Rd2+ 53. Kg3 h4+ 54. Kh2 Rf2 55. Bb5 Nc2 56. Kg1 Rd2 57. Re5 Kf4 58.
Re8 Ne3 59. Rg8 1-0

[Event "Late-Titled-Tuesday-Blitz-October-10-2023"]
[Site "Chess.com"]
[Date "2023.10.10"]
[Round "7"]
[White "Iball95"]
[Black "NelsonLinda"]
[Result "1-0"]
[WhiteElo "2837"]
[BlackElo "2585"]
[TimeControl "180+1"]
[EndTime "15:12:37 PDT"]
[Termination "Iball95 won by resignation"]

1. e4 c5 2. Nf3 e6 3. Nc3 d6 4. d4 cxd4 5. Qxd4 Nc6 6. Bb5 Bd7 7. Bxc6 bxc6 8. O-O e5 9. Qd3 Nf6 10. Nd2 Be6 11. Rd1 Qc7 12. Nc4 Rd8 13. Bg5 Be7 14. Bxf6 Bxf6 15. b3 Be7 16. Qg3 O-O 17. Ne3 Kh8 18. Rd3 f5 19. Nxf5 Bxf5 20. exf5 Rxf5 21. Rad1 d5 22. f3 Rdf8 23. Kh1 Rf4 24. Ne2 Bh4 25.
Qh3 Qe7 26. Nxf4 exf4 27. c4 Re8 28. g3 fxg3 29. hxg3 Bf6 30. cxd5 cxd5 31. Rxd5 Qe3 32. Qf5 Qh6+ 33. Kg1 Qe3+ 34. Kf1 h6 35. R5d3 Qe2+ 36. Kg1 Qxa2 37. Qb5 Qe2 38. Qc4 Re7 39. Rd8+ Kh7 40.
Qxe2 Rxe2 41. R8d2 Re3 42. Rd3 Re2 43. R1d2 Re1+ 44.
Kf2 Rb1 45. Kg2 Ra1 46. Re2 Ra3 47. f4 h5 48. Re4 Kg6 49. Ra4 Rxa4 50. bxa4 Be7 51.
Rd5 Kh6 52. Ra5 1-0

[Event "Late-Titled-Tuesday-Blitz-October-10-2023"]
[Site "Chess.com"]
[Date "2023.10.10"]
[Round "7"]
[White "Chesstrainer1"]
[Black "Walter_White_Poland"]
[Result "1-0"]
[WhiteElo "2487"]
[BlackElo "2331"]
[TimeControl "180+1"]
[EndTime "15:12:37 PDT"]
[Termination "Chesstrainer1 won on time"]

1. e4 e5 2. Nf3 Nc6 3. d4 exd4 4. Bc4 Nf6 5. e5 Ne4 6. Qe2 Nc5 7. O-O Be7 8. Rd1 d5 9. exd6 Qxd6 10. b4 Ne6 11. b5 Ncd8 12. Ba3 Qd7 13. Ne5 Bxa3 14. Nxd7 Bb2 15. Nc5 Bxa1 16. Nd2 Bb2 17. Bxe6 Nxe6 18. Nc4 Bc3 19. Ne4 Bb4 20. Rd3 O-O 21. Rg3 f5 22. Ng5 Nxg5 23. Rxg5 Bd7 24. Qe5 Rf7 25. Qxd4 Re8 26.
Ne5 Rxe5 27. Qxe5 Re7 28. Qd5+ Be6 29. Qd4 Rd7 30. Rxg7+ Rxg7 31. Qxb4 Rd7 32. h4 Kf7 33. h5 h6 34. Qf4 Rd1+ 35. Kh2 Kg7 36. Qg3+ Kf8 37.
Qxc7 Rd7 38. Qb8+ Ke7 39. Qxa7 Kf6 40. Qe3 Rd5 41. Qxh6+ Ke5 42. Qg7+ Ke4 43. h6 f4 44. Qg6+ Bf5 45. Qe8+ Re5 46. Qf7 1-0

[Event "Late-Titled-Tuesday-Blitz-October-10-2023"]
[Site "Chess.com"]
[Date "2023.10.10"]
[Round "7"]
[White "emiliochess"]
[Black "cande_francisco"]
[Result "1-0"]
[WhiteElo "2350"]
[BlackElo "2520"]
[TimeControl "180+1"]
[EndTime "15:12:40 PDT"]
[Termination "emiliochess won by resignation"]

1. d4 Nf6 2. Bf4 d5 3. e3 c5 4. Nf3 Nc6 5. Nbd2 e6 6. c3 Bd6 7. Ne5 O-O 8. Bg3 Qc7 9. f4 Nd7 10. Bd3 f6 11. Qh5 f5 12. Bh4 Nf6 13. Bxf6 Rxf6 14.
g4 Rh6 15. Qe8+ Bf8 16. gxf5 exf5 17. Nef3 Rb8 18. Ng5 Be6 19. Nxe6 Qd6 20. dxc5 Qxe6 21.
Qxe6+ Rxe6 22. Nf1 g6 23. b4 Bg7 24. Rc1 a5 25. a3 axb4 26. axb4 Ra8 27. Kd2 Ra3 28. Ng3 Kf8 29. Ne2 Ke7 30. Nd4 Bxd4 31. exd4 Ra2+ 32. Rc2 Rxc2+ 33. Kxc2 Kf6 34. h4 h6 35. Kd2 Re7 36. b5 Nd8 37. Ra1 Ne6 38. Rf1 Ng7 39. c4 dxc4 40.
Bxc4 Rd7 41. Kc3 Ne6 42. Bxe6 Kxe6 43. Kc4 Kf6 44. d5 g5 45. hxg5+ hxg5 46. fxg5+ Kxg5 47. c6 bxc6 48. bxc6 Ra7 49. Kc5 Ra5+ 50. Kd6 f4 51. c7 Ra8 52. Kd7 Kg4 53. c8=Q Rxc8 54. Kxc8 f3 55. d6 Kg3 56. d7 Kg2 57. Rxf3 Kxf3 58. d8=Q 1-0

[Event "Late-Titled-Tuesday-Blitz-October-10-2023"]
[Site "Chess.com"]
[Date "2023.10.10"]
[Round "7"]
[White "NotFischer"]
[Black "venturov"]
[Result "0-1"]
[WhiteElo "2276"]
[BlackElo "2435"]
[TimeControl "180+1"]
[EndTime "15:12:43 PDT"]
[Termination "venturov won by resignation"]

1. b4 a5 2. b5 c6 3. c4 d5 4. e3 e5 5. Bb2 Bd6 6. Nf3 Qe7 7. cxd5 cxd5 8. Qb3 Nf6 9. Nc3 Be6 10. d4 e4 11. Ne5 O-O 12. Be2 Nbd7 13. Nxd7 Qxd7 14. O-O Rad8 15. Na4 Bg4 16. Qd1 Qf5 17. f4 exf3 18.
Bxf3 Qg5 19. Bc1 Qh4 20. g3 Qh5 21. Bxg4 Nxg4 22. Qe2 Rfe8 23. Nc3 Qg5 24. Nxd5 Nxh2 25. Qxh2 Qxd5 26. Qg2 Qxb5 27. Bd2 Qg5 28. e4 Qg4 29. e5 Bb4 30. Be3 Bc3 31. Rad1 b5 32. Qf2 f6 33. exf6 gxf6 34. Qxf6 Qxg3+ 35. Kh1 Qh3+ 36. Kg1 Qxe3+ 37. Kh1 Qh3+ 38. Kg1 Qg4+ 39. Kh1 Qh5+ 40. Kg1 Qg6+ 41.
Qxg6+ hxg6 42. Rf6 Bxd4+ 43. Rxd4 Rxd4 44. Rxg6+ Kf7 45. Rb6 Rb4 46. Ra6 a4 47. Ra7+ Re7 48. Ra6 Rb2 0-1

[Event "Late-Titled-Tuesday-Blitz-October-10-2023"]
[Site "Chess.com"]
[Date "2023.10.10"]
[Round "7"]
[White "bettercallcafu"]
[Black "hansen"]
[Result "1-0"]
[WhiteElo "2661"]
[BlackElo "2899"]
[TimeControl "180+1"]
[EndTime "15:12:44 PDT"]
[Termination "bettercallcafu won by resignation"]

1. d4 Nf6 2. Nc3 d5 3. Bf4 e6 4. Nb5 Na6 5. e3 Be7 6. Nf3 O-O 7. Bd3 c6 8. Nc3 Nb4 9. Be2 c5 10. O-O Bd7 11. Ne5 Rc8 12. a3 Nc6 13. Nxd7 Nxd7 14. Qd2 a6 15. Rfd1 cxd4 16. exd4 Bf6 17. Be3 Na5 18. Rac1 Nc4 19. Bxc4 Rxc4 20. b3 Rc6 21. Ne2 Qe7 22. Qb4 Qxb4 23. axb4 Rfc8 24. c3 g6 25. Ra1 Bd8 26. Kf1 Nf6 27. f3 Ne8 28.
Bf4 Bc7 29. Bxc7 Nxc7 30. Rd3 Nb5 31. Rc1 g5 32. Kf2 f6 33. Ke3 Kf7 34. Kd2 h5 35.
h4 Kg6 36. Rh1 Nd6 37. Ng3 Rh8 38. Re3 Ne8 39. hxg5 fxg5 40. Rhe1 Ng7 41. Ne2 Nf5 42. Re5 Rhc8 43. g4 hxg4 44. fxg4 Nh4 45. Rf1 R8c7 46.
Re3 Rf7 47. Rxf7 Kxf7 48. Nc1 Rc8 49. Nd3 Ke7 50. Nc5 Rc6 51. Nxb7 Ng2 52. Rh3 Nh4 53. Nc5 Kf7 54. Re3 Kf6 55. c4 Rb6 56.
Kc3 Rc6 57. b5 axb5 58. cxb5 Rd6 59. b6 1-0

[Event "Late-Titled-Tuesday-Blitz-October-10-2023"]
[Site "Chess.com"]
[Date "2023.10.10"]
[Round "7"]
[White "kleinebeer98"]
[Black "chessisveryfun1264"]
[Result "1-0"]
[WhiteElo "2860"]
[BlackElo "2588"]
[TimeControl "180+1"]
[EndTime "15:12:44 PDT"]
[Termination "kleinebeer98 won by checkmate"]

1. e4 e6 2. c4 c5 3. Nf3 Nc6 4.
d4 cxd4 5. Nxd4 Nf6 6. Nc3 d6 7.
Be2 Be7 8. Nc2 a6 9. O-O O-O 10. a4 Bd7 11. Bf4 Qc7 12. Qd2 Ne5 13. Ne3 Rac8 14. Rfd1 Rfd8 15. Rac1 Qb8 16. Bg3 Bc6 17. Qd4 Ne8 18. b4 Bf6 19. Qd2 b5 20. cxb5 axb5 21. Bxb5 Bb7 22. Be2 Qa8 23. f3 Ng6 24. Bf2 Bxc3 25.
Rxc3 Rxc3 26. Qxc3 Qxa4 27. Ra1 Qd7 28. Ra7 Ra8 29.
Rxa8 Bxa8 30. b5 Bb7 31. b6 h6 32. Nc4 Qc6 33. Qa3 Bc8 34. Bf1 Nf4 35. Na5 Qc2 36. Qe3 Qb1 37. b7 Bxb7 38. Nxb7 Nxg2 39. Kxg2 Qxb7 40. Qd4 Qc6 41. Bg3 Qc2+ 42. Qf2 Qc6 43. Qd2 Qc5 44. h4 h5 45. Be2 Qc6 46. Bd1 Qc5 47.
Ba4 Nf6 48. Bxd6 Qc4 49. Bd1 Nd7 50. Bf4 Nc5 51. Be3 Nb7 52. Be2 Qc6 53. Bd4 Nd6 54. Qg5 Ne8 55. Qd8 Kh7 56. Bd3 Qa4 57. Kg3 Qd1 58.
Bf2 Nf6 59. e5+ Kh6 60. Qh8+ Nh7 61. Qxh7# 1-0

[Event "Late-Titled-Tuesday-Blitz-October-10-2023"]
[Site "Chess.com"]
[Date "2023.10.10"]
[Round "7"]
[White "ItalianMachine"]
[Black "Dacean99"]
[Result "1/2-1/2"]
[WhiteElo "2415"]
[BlackElo "2584"]
[TimeControl "180+1"]
[EndTime "15:12:46 PDT"]
[Termination "Game drawn by agreement"]

1. Nf3 d5 2. c4 d4 3. d3 Nf6 4. g3 g6 5. Bg2 Bg7 6. O-O O-O 7. e3 Nc6 8. Na3 dxe3 9. fxe3 e5 10. d4 exd4 11.
exd4 Bg4 12. d5 Ne5 13. Kh1 Nxf3 14. Bxf3 Bh3 15. Re1 Qd7 16. Bf4 Ng4 17. Qd2 Rae8 18. Nb5 Ne5 19. Be2 Qf5 20. Nc3 g5 21. Bxe5 Qf2 22. Rg1 Rxe5 23. Rad1 g4 24. Bf1 Qf3+ 25. Bg2 Bxg2+ 26. Qxg2 Re3 27. Rgf1 Qxg2+ 28. Kxg2 Bxc3 29. bxc3 Rxc3 30. Rd4 h5 31. h3 gxh3+ 32. Kxh3 Re8 33. Rf5 Ree3 34. Rg5+ Kf8 35. Kh4 Rc2 36. Kxh5 Rxa2 37.
c5 f6 38. Rf5 Kf7 39. Rdf4 Rxg3 40. Rxf6+ Kg7 41. Rf7+ Kh8 42. Rf8+ Kh7 43. R4f7+ Rg7 44. Rxg7+ Kxg7 45. Rc8 Rd2 46. Rxc7+ Kf6 47. Rxb7 Rxd5+ 48.
Kg4 a5 49. c6 Rc5 50. Ra7 Rxc6 51.
Rxa5 Rc4+ 52. Kf3 Rd4 53. Ke3 Rh4 54. Kf3 Rc4 55. Ke3 Rb4 56. Kf3 1/2-1/2

[Event "Late-Titled-Tuesday-Blitz-October-10-2023"]
[Site "Chess.com"]
[Date "2023.10.10"]
[Round "7"]
[White "Qvalda"]
[Black "jaskol95"]
[Result "0-1"]
[WhiteElo "2396"]
[BlackElo "2576"]
[TimeControl "180+1"]
[EndTime "15:12:46 PDT"]
[Termination "jaskol95 won by resignation"]

1. Nf3 d5 2. g3 Nd7 3. d4 Nb6 4. Bg2 Bf5 5. O-O c6 6. Nc3 Nf6 7. Nh4 Bg6 8. Re1 e6 9. Nxg6 hxg6 10. e4 Be7 11. Bg5 dxe4 12. Nxe4 Nxe4 13. Bxe7 Qxe7 14. Bxe4 O-O-O 15. a4 Qf6 16. a5 Rxd4 17. Qe2 Nc4 18. c3 Rd2 19. Qf1 Ne5 20. a6 b6 21. Re2 Rxe2 22. Qxe2 g5 23. Rd1 g4 24. Qd2 Qh6 25.
Qxh6 Rxh6 26. Kg2 Kc7 27. Rd2 f5 28. Bc2 Nf3 29. Rd1 Rxh2+ 30. Kf1 Rh1+ 31. Ke2 Rxd1 32. Kxd1 b5 33. Bb3 Ng5 34. Ke2 Kb6 35. Ke3 c5 36.
Kf4 Ne4 37. Bxe6 Nxf2 38. Bxf5 Kxa6 39. Bxg4 Nxg4 40. Kxg4 Ka5 41. Kf5 Ka4 42. Kg6 Kb3 43. Kxg7 Kxb2 44. g4 b4 45. g5 bxc3 46. g6 c2 47. Kh8 c1=Q 48. g7 Qh6+ 49. Kg8 Qxg7+ 0-1

[Event "Late-Titled-Tuesday-Blitz-October-10-2023"]
[Site "Chess.com"]
[Date "2023.10.10"]
[Round "7"]
[White "Dannyyi"]
[Black "subham777"]
[Result "0-1"]
[WhiteElo "2283"]
[BlackElo "2529"]
[TimeControl "180+1"]
[EndTime "15:12:46 PDT"]
[Termination "subham777 won by resignation"]

1. e4 e6 2. d4 d5 3. Nd2 c5 4.
exd5 Qxd5 5. Ngf3 cxd4 6. Bc4 Qd7 7. O-O Nc6 8. Nb3 Nf6 9. Nfxd4 Nxd4 10. Nxd4 a6 11. Re1 Bc5 12. Be3 O-O 13. c3 b5 14.
Bb3 Bb7 15. Nf3 Qc6 16. Bxc5 Qxc5 17. Qd4 Qh5 18. Qf4 Rfd8 19. Rad1 Bxf3 20. gxf3 h6 21. Kh1 Qc5 22. Kg2 Qb6 23. a3 Rxd1 24. Rxd1 Rd8 25.
Rxd8+ Qxd8 26. Bc2 Nd5 27. Qg4 Qd6 28. Qe4 g6 29.
Kf1 Qxh2 30. Qd4 Nf4 31. Ke1 Qh1+ 32. Kd2 Qxf3 33. Be4 Qe2+ 34. Kc1 Qg4 35. Kb1 Nd5 36. Qe5 Qd1+ 37. Ka2 Qd2 38. f3 Qf4 39. Qd4 Qf6 40.
Qa7 h5 41. Qxa6 Qe5 42. Qc8+ Kg7 43. Qd8 Nf6 44. Bc6 h4 45. Qd3 h3 46. f4 Qh5 47.
Bxb5 h2 48. Bc6 Nd5 49. Bxd5 Qxd5+ 50. Qxd5 exd5 0-1

[Event "Late-Titled-Tuesday-Blitz-October-10-2023"]
[Site "Chess.com"]
[Date "2023.10.10"]
[Round "7"]
[White "Hirna2005"]
[Black "MathiasWomacka"]
[Result "0-1"]
[WhiteElo "2292"]
[BlackElo "2531"]
[TimeControl "180+1"]
[EndTime "15:12:50 PDT"]
[Termination "MathiasWomacka won on time"]

1. e4 c5 2. c3 d5 3. exd5 Qxd5 4. Nf3 Nf6 5. Na3 Bg4 6. Be2 e6 7. d4 Be7 8. Qa4+ Nc6 9. Nb5 Qd8 10. Bf4 Nd5 11.
Bg3 a6 12. Na3 Bxf3 13. Bxf3 cxd4 14. Bxd5 Qxd5 15. O-O dxc3 16. bxc3 b5 17. Qb3 Rd8 18. c4 bxc4 19. Nxc4 O-O 20. Rfd1 Nd4 21. Qd3 Nf3+ 22.
Qxf3 Qxc4 23. Rxd8 Rxd8 24. h3 Bf6 25. Rb1 Qxa2 26.
Qb7 h6 27. Rb6 Rd1+ 28. Kh2 Qa1 29. Bf4 Rh1+ 30. Kg3 Qc3+ 31. Be3 Be5+ 32. Kf3 Rd1 33. Qa8+ Kh7 34. Qe4+ g6 35. Rxa6 Rd7 36. Ra8 Bg7 37.
Qf4 Qc6+ 38. Qe4 Qxe4+ 39. Kxe4 f5+ 40. Kf3 e5 41. Ke2 e4 42. f3 exf3+ 43. Kxf3 Re7 44. Bf4 Rd7 45. Ra6 g5 46. Be3 Be5 47. Ke2 Kg7 48. Re6 Bf6 49. Bc5 Re7 50. Bxe7 Kf7 0-1

[Event "Late-Titled-Tuesday-Blitz-October-10-2023"]
[Site "Chess.com"]
[Date "2023.10.10"]
[Round "7"]
[White "Beca95"]
[Black "SpeedofLight0"]
[Result "1-0"]
[WhiteElo "2861"]
[BlackElo "3002"]
[TimeControl "180+1"]
[EndTime "15:12:51 PDT"]
[Termination "Beca95 won by checkmate"]

1. d4 Nf6 2. c4 Nc6 3. Nf3 e6 4. a3 d5 5. Bg5 Bd6 6. e3 h6 7. Bh4 O-O 8. Nc3 a6 9. cxd5 exd5 10. Nxd5 g5 11. Nxf6+ Qxf6 12. Bg3 Bg4 13. Be2 Rfe8 14. O-O Bxg3 15. hxg3 h5 16. Rc1 Rad8 17. Rc5 Bxf3 18. Bxf3 Ne7 19. Bxb7 Rb8 20. Be4 Ng6 21. Bxg6 Qxg6 22. Qc2 Qxc2 23. Rxc2 Rb3 24. Rd1 c6 25. Rdd2 Re6 26. Kf1 f6 27. Ke1 Kf7 28. Kd1 Kg6 29. Rc5 Rb6 30. b4 h4 31. gxh4 gxh4 32. Ke2 f5 33.
Kf3 Kf6 34. Rdc2 Kg6 35. Ke2 f4 36. Kd3 f3 37. gxf3 h3 38. Rc1 Rb8 39. Rh1 Rh8 40.
f4 Kf7 41. Rf5+ Kg6 42. Rg5+ Kf7 43. Ke2 Reh6 44. Kf3 Ke6 45. Kg3 Kd7 46. Kh2 Kc7 47. Rc1 Kb6 48. a4 Re6 49. Rcc5 Kb7 50. Rg7+ Kb8 51. Rcg5 Rhe8 52. Rg8 Kc7 53. Rxe8 Rxe8 54. Kxh3 Rb8 55. Rg7+ Kd6 56. Ra7 Rxb4 57. Rxa6 Kd5 58. Kg2 Rb2 59. Kf3 Rb1 60. Ra5+ Kd6 61. Re5 Rh1 62. a5 Rh3+ 63. Kg2 Rh7 64. f5 Rg7+ 65. Kf3 Rh7 66. Ke4 Rh4+ 67. f4 Rh1 68. f6 Rh6 69.
Kf5 Rh5+ 70. Kg6 Rh8 71. f7 Kc7 72. Kg7 Ra8 73. f8=R c5 74. Rxc5+ Kb7 75. Rxa8 Kxa8 76. Rc7 Kb8 77. Re7 Kc8 78. f5 Kd8 79. f6 Kc8 80. e4 Kd8 81. d5 Kc8 82. a6 Kd8 83. d6 Kc8 84. e5 Kd8 85. e6 Kc8 86. a7 Kd8 87.
Kg6 Kc8 88. Kf5 Kd8 89. Ke5 Kc8 90. f7 Kd8 91. Kd5 Kc8 92. f8=Q# 1-0

[Event "Late-Titled-Tuesday-Blitz-October-10-2023"]
[Site "Chess.com"]
[Date "2023.10.10"]
[Round "7"]
[White "vladoboch"]
[Black "jguerramzllo"]
[Result "1-0"]
[WhiteElo "2477"]
[BlackElo "2619"]
[TimeControl "180+1"]
[EndTime "15:12:52 PDT"]
[Termination "vladoboch won on time"]

1. e4 c5 2. Nf3 Nc6 3. Bb5 g6 4. O-O Bg7 5. Re1 Nf6 6. e5 Nd5 7. Nc3 Nc7 8. Bxc6 dxc6 9. d3 O-O 10. h3 Ne6 11. Be3 b6 12. Ne4 f5 13. exf6 exf6 14. c3 Qd7 15. d4 cxd4 16. Nxd4 Nxd4 17. Bxd4 c5 18. Be3 Qxd1 19. Raxd1 Bb7 20. Nd6 Bc6 21. Bf4 Rfd8 22. h4 Rd7 23. h5 Rad8 24. Rd2 Bf8 25. Ne4 Rxd2 26. Nxd2 g5 27. Be3 Kf7 28. Nf1 Bd6 29.
Re2 Re8 30. Rd2 Bc7 31. f3 h6 32. Bf2 f5 33. Ng3 Re5 34. b4 Ke6 35. bxc5 bxc5 36. c4 f4 37. Nf1 Ba5 38. Rd3 Bb6 39. Nd2 Re2 40. Kf1 Re5 41. Nb3 a5 42. Nc1 a4 43.
Ne2 Kf5 44. Nc3 Re6 45. Nd5 Bxd5 46. Rxd5+ Re5 47. Rd6 Re6 48. Rd7 Kf6 49. Rb7 Rc6 50.
Ke2 1-0

[Event "Late-Titled-Tuesday-Blitz-October-10-2023"]
[Site "Chess.com"]
[Date "2023.10.10"]
[Round "7"]
[White "Mykola-Bortnyk"]
[Black "ozates"]
[Result "0-1"]
[WhiteElo "2951"]
[BlackElo "2779"]
[TimeControl "180+1"]
[EndTime "15:12:53 PDT"]
[Termination "ozates won on time"]

1. e4 e5 2. Nf3 Nc6 3. Bb5 g6 4. c3 Bg7 5. O-O Nge7 6. d4 exd4 7. cxd4 a6 8. Ba4 b5 9. Bc2 O-O 10. Nc3 d6 11. h3 h6 12. Re1 Na5 13. Bf4 Nc4 14.
Qc1 g5 15. Bg3 f5 16. b3 Nb6 17. exf5 Nxf5 18. Be4 Rb8 19. Bh2 Nxd4 20. Nxd4 Bxd4 21. Bg3 Qf6 22. Nd5 Nxd5 23. Bxd5+ Kg7 24. Qxc7+ Kh8 25. Rad1 Bf5 26. Rxd4 Qxd4 27. Bxd6 Rbe8 28. Rxe8 Rxe8 29. Qf7 Bd7 30. Kh2 Qg7 31. Qf3 g4 32. hxg4 Bxg4 33. Qg3 h5 34. Bc6 Re6 35. Bd7 h4 36.
Qf4 Rf6 37. Qe5 Bxd7 38. Qh5+ Rh6 39. Qe2 Rxd6 40. Qh5+ Rh6 41. Qe2 Re6 42. Qh5+ Kg8 43. f4 Rg6 44. Kh1 Rxg2 45. Qd5+ Kf8 46. Qa8+ Ke7 47.
Qxg2 Qxg2+ 48. Kxg2 h3+ 49. Kg3 Kf6 0-1

[Event "Late-Titled-Tuesday-Blitz-October-10-2023"]
[Site "Chess.com"]
[Date "2023.10.10"]
[Round "7"]
[White "AleksandrAleksikov"]
[Black "EsmeraldasAnderson03"]
[Result "0-1"]
[WhiteElo "2265"]
[BlackElo "2427"]
[TimeControl "180+1"]
[EndTime "15:12:53 PDT"]
[Termination "EsmeraldasAnderson03 won on time"]

1. e4 c5 2. Nf3 d6 3. d4 cxd4 4. Nxd4 Nf6 5. Nc3 a6 6. Be2 e5 7. Nb3 Be7 8. Bg5 O-O 9. Bxf6 Bxf6 10. Qd3 Be6 11. O-O-O Be7 12. Nd5 Bxd5 13. Qxd5 Qc7 14. Kb1 Nd7 15. c4 a5 16. a3 a4 17. Na1 Ra5 18.
Qd2 Ra6 19. Nc2 Nc5 20. f3 Nb3 21. Qd3 Nc5 22. Qe3 Ra7 23. Nb4 Qd8 24. Nd5 Bg5 25. Qf2 Ra6 26. Nc3 Ne6 27. Nb5 Bf6 28. g3 Nd4 29.
Rxd4 exd4 30. f4 Re8 31. Bd3 Qb6 32. g4 g6 33. g5 Bg7 34. h4 Qc5 35. h5 Rb6 36. hxg6 hxg6 37. f5 gxf5 38. exf5 f6 39. gxf6 Bxf6 40. Qg3+ Kf8 41. Qg6 Qe5 42. Nc7 d5 43.
Nxe8 Qxe8 44. Qxe8+ Kxe8 45. cxd5 Rd6 46. Rh6 Kf7 47.
Be4 Be5 48. Kc2 Rxh6 49. Kd3 Ke7 50. Kc4 Rb6 0-1

[Event "Late-Titled-Tuesday-Blitz-October-10-2023"]
[Site "Chess.com"]
[Date "2023.10.10"]
[Round "7"]
[White "SanchezKelvin"]
[Black "PapaieDudu"]
[Result "0-1"]
[WhiteElo "2574"]
[BlackElo "2375"]
[TimeControl "180+1"]
[EndTime "15:12:54 PDT"]
[Termination "PapaieDudu won on time"]

1. e4 c5 2. Nf3 d6 3. d4 cxd4 4. Nxd4 Nf6 5. Nc3 a6 6. Bg5 e6 7. f4 Nbd7 8. Qf3 Qc7 9. O-O-O b5 10. a3 Rb8 11. g4 b4 12. axb4 Rxb4 13. Nb3 Bb7 14. Bd3 h6 15. Bxf6 Nxf6 16. h4 h5 17.
g5 Ng4 18. Rhe1 Bc6 19. Bxa6 Qa7 20. Bd3 g6 21. Qe2 Bg7 22. f5 Be5 23. Bb5 Bf4+ 24.
Kb1 Bxb5 25. Nxb5 Qb6 26. Na3 O-O 27. Rf1 e5 28. Rf3 gxf5 29. exf5 Ne3 30. Rxe3 Qxe3 31. Qxh5 Bg3 32. g6 Rxh4 33. gxf7+ Rxf7 34. Qg6+ Rg7 35. Qe6+ Kh7 36. f6 Qf3 37. Rxd6 Ra7 38. f7 Qxf7 39. Qxf7+ Rxf7 40. c4 Re7 41. Rd3 Bf4 42. Nc5 e4 43.
Rd1 e3 44. Nd3 e2 45. Re1 Bg3 46. Nc2 Bxe1 47. Ncxe1 Rxc4 48. b3 Rc8 49. Kb2 Kg6 50. Nf4+ Kf5 51. Nd5 Ree8 52. Nc3 Kf4 53. Nc2 e1=Q 54.
Nxe1 Rxe1 0-1

[Event "Late-Titled-Tuesday-Blitz-October-10-2023"]
[Site "Chess.com"]
[Date "2023.10.10"]
[Round "7"]
[White "protectiago"]
[Black "cthake"]
[Result "0-1"]
[WhiteElo "2059"]
[BlackElo "1965"]
[TimeControl "180+1"]
[EndTime "15:12:54 PDT"]
[Termination "cthake won on time"]

1. d4 Nf6 2. c4 g6 3. Nc3 d5 4. cxd5 Nxd5 5. e4 Nxc3 6. bxc3 Bg7 7. Be3 c5 8. Rc1 cxd4 9. cxd4 O-O 10. Qd2 Bd7 11.
Nf3 Nc6 12. d5 Ne5 13. Nxe5 Bxe5 14. f4 Bg7 15. Bc4 b5 16. Bb3 a5 17. O-O a4 18.
Bd1 Rc8 19. Bf3 Rxc1 20. Rxc1 Qb8 21. a3 Rc8 22. Rc5 Rxc5 23. Bxc5 e6 24. d6 Bf6 25. e5 Bd8 26. Qb4 Bb6 27. Kf2 Qa7 28. Bxb6 Qxb6+ 29.
Kg3 h5 30. Qe4 Kg7 31. h4 Qc5 32. Qb7 Bc8 33. Qe7 Qxa3 34. Qd8 Qc5 35. d7 Bxd7 36. Qxd7 a3 37. Qd2 b4 38. Qa2 Qc3 39. Kh2 Qd4 40. Qb3 Qxf4+ 41. g3 Qd2+ 42. Kh3 Qc3 43. Bd1 Qxe5 44. Qxb4 Qf5+ 45. g4 hxg4+ 46. Bxg4 Qd3+ 47. Kg2 Qc2+ 48. Kg3 Qd3+ 0-1

[Event "Late-Titled-Tuesday-Blitz-October-10-2023"]
[Site "Chess.com"]
[Date "2023.10.10"]
[Round "7"]
[White "Giorno"]
[Black "tylityli"]
[Result "1-0"]
[WhiteElo "2517"]
[BlackElo "2339"]
[TimeControl "180+1"]
[EndTime "15:12:56 PDT"]
[Termination "Giorno won on time"]

1. d4 Nf6 2. c3 d5 3. Bf4 c5 4. e3 Nc6 5. Nd2 cxd4 6. exd4 Bf5 7. Ngf3 e6 8. Nh4 Be4 9. Nhf3 Bf5 10. Bb5 Bd6 11. Ne5 O-O 12. Bxc6 bxc6 13. O-O Bxe5 14. Bxe5 Nd7 15. Bd6 Re8 16. Re1 a5 17. a4 Qb6 18. b4 f6 19. Nb3 axb4 20. cxb4 e5 21. h3 Re6 22. Bc5 Nxc5 23. Nxc5 Re7 24. Qd2 Raa7 25. a5 Qb5 26. a6 Bc8 27. Ra5 Qb6 28.
Rea1 Kf7 29. dxe5 Rxe5 30. Qc2 Bf5 31. Qc3 Bc8 32. Nd3 Re4 33. Qc5 Qxc5 34. bxc5 Rd4 35. Ne1 Rc4 36. Nf3 d4 37. Rf1 Rxa6 38. Rxa6 Bxa6 39.
Rd1 Rxc5 40. Rxd4 Bb5 41. Rd7+ Kg6 42. Nh4+ Kg5 43. g3 Kh6 44. g4 g6 45. Rf7 Kg5 46. Ng2 Bc4 47. Rxh7 f5 48. f4+ Kf6 49. g5+ Ke6 50. Rg7 1-0

[Event "Late-Titled-Tuesday-Blitz-October-10-2023"]
[Site "Chess.com"]
[Date "2023.10.10"]
[Round "7"]
[White "GMKrikor"]
[Black "Krakozia"]
[Result "1-0"]
[WhiteElo "2802"]
[BlackElo "2975"]
[TimeControl "180+1"]
[EndTime "15:12:59 PDT"]
[Termination "GMKrikor won on time"]

1. Nf3 c5 2. c4 Nf6 3. Nc3 e6 4. g3 b6 5. Bg2 Bb7 6. O-O Be7 7. Re1 d5 8. cxd5 Nxd5 9. e4 Nxc3 10. bxc3 O-O 11.
d4 cxd4 12. cxd4 Nd7 13. Bb2 Nf6 14. Ne5 b5 15. Qb3 Qb6 16. Rad1 Rad8 17. g4 a5 18. a4 Bb4 19. Re3 bxa4 20. Qxa4 Qc7 21. Rc1 Qe7 22. h3 h6 23. Nc6 Bxc6 24. Qxc6 Nd7 25.
e5 Qg5 26. Rf1 Qf4 27. Rd1 Nxe5 28. Rxe5 Qxe5 29. dxe5 Rxd1+ 30. Kh2 Rd2 31. Bc1 Rxf2 32. Be3 Re2 33. Bf4 Rd8 34. Qc4 Re1 35. h4 Red1 36.
Qe2 R1d7 37. h5 Be7 38. Qe3 a4 39. g5 Rd3 40. Qc1 a3 41. gxh6 a2 42. hxg7 Ra3 43. Qa1 Bb4 44. h6 Bc3 45. Qf1 a1=Q 46. Qf3 Bxe5 47.
Qg4 Bxf4+ 48. Qxf4 Qb1 49. Qg5 Rdd3 50. Qf6 1-0